 Dungeon Crawl Stone Soup version 0.32-a0-711-g016ad743e0 (webtiles) character file.

Game seed: 10365340188751422555

397911 adelrune the Harbinger of Doom (level 22, -2/174 (183) HPs)
             Began as a Demonspawn Gladiator on Mar 15, 2024.
             Was an Elder of Yredelemnul.
             Killed from afar by a purple draconian shifter (10 damage)
             ... with a bolt of dispelling energy
             ... on level 3 of the Depths.
             The game lasted 02:34:48 (50160 turns).

adelrune the Harbinger of Doom (DsGl)              Turns: 50160, Time: 02:34:49

HP:   -2/174 (183)  AC: 46    Str: 19    XL:     22   Next: 22%
MP:   0/36          EV:  7    Int: 13    God:    Yredelemnul [****..]
Gold: 519           SH: 24    Dex: 21    Spells: 19/21 levels left

rFire   . . .        b - +5 broad axe (elec)
rCold   + . .        C - +4 kite shield of the Carpenter {Will+}
rNeg    . . .        P - +10 plate armour "Tyiditad" {Harm Int+3}
rPois   .            Z - +2 helmet of Cocytus {rElec Str-5 Dex+6}
rElec   +            (cloak unavailable)
rCorr   .            o - +2 pair of gloves {hurl}
SInv    .            c - +3 pair of mountain boots {steadfast, rC+}
Will    +++..        x - amulet of reflection Stlth
                     T - ring of willpower
HPRegen 0.49/turn    m - +4 ring of protection
MPRegen 0.50/turn

%: harm (+30% outgoing, +20% incoming), reflection, guardian spirit
@: lethally poisoned (-2 -> -3), wreathed by umbra, studying Maces & Flails,
lightly drained
A: foul stench 3, magic shield, magic regeneration, sharp scales 3, corrupting
presence 2, weakness stinger 3
}: 2/15 runes: barnacled, gossamer
a: Renounce Religion, Light the Black Torch, Recall Undead Harvest, Hurl
Torchlight, Bind Soul


You were on level 3 of the Depths.
You worshipped Yredelemnul.
Yredelemnul was greatly pleased with you.
You visited 7 branches of the dungeon, and saw 38 of its levels.
You visited 2 bazaars.
You also visited: Bailey and Gauntlet.

You collected 5792 gold pieces.
You spent 5273 gold pieces at shops.

Inventory:

Hand Weapons
 a - a +6 demon whip of electrocution
 b - a +5 broad axe of electrocution (weapon)
Missiles
 d - 3 throwing nets (quivered)
Armour
 c - the +3 pair of mountain boots (worn) {steadfast, rC+}
   (You found it on level 4 of the Depths)

   Steadfast: It prevents involuntary movement, except for blinking,
   teleportation, or banishment.
   rC+:       It protects you from cold.
 o - a +2 pair of gloves of hurling (worn)
 C - the +4 kite shield of the Carpenter (worn) {Will+}
   (You took it off a minotaur in a Gauntlet)

   Will+:     It increases your willpower.
 P - the +10 plate armour "Tyiditad" (worn) {Harm Int+3}
   (You bought it in a shop on level 1 of the Dungeon)

   Int+3:     It affects your intelligence (+3).
   Harm:      It increases damage dealt and taken.
 Z - the +2 helmet of Cocytus (worn) {rElec Str-5 Dex+6}
   (You acquired it on level 1 of the Shoals)

   Str-5:     It affects your strength (-5).
   Dex+6:     It affects your dexterity (+6).
   rElec:     It insulates you from electricity.
Jewellery
 m - a +4 ring of protection (right hand)
 x - an amulet of reflection (around neck)
 F - a ring of protection from fire
 H - an amulet of regeneration
 M - a ring of see invisible
 T - a ring of willpower (left hand)
Wands
 e - a wand of polymorph (5)
 y - a wand of mindburst (19)
 K - a wand of quicksilver (21)
 L - a wand of paralysis (43)
 O - a wand of digging (16)
 U - a wand of roots (24)
Scrolls
 f - 2 scrolls of blinking
 g - 6 scrolls of vulnerability
 h - 2 scrolls of revelation
 i - 4 scrolls of silence
 j - 4 scrolls of summoning
 q - 12 scrolls of fog
 t - 7 scrolls of teleportation
 w - 5 scrolls of amnesia
 G - 7 scrolls of poison
 N - a scroll of enchant weapon
 S - 4 scrolls of fear
 V - 5 scrolls of immolation
 Y - 7 scrolls of enchant armour
Potions
 k - 3 potions of ambrosia
 l - a potion of invisibility
 n - 6 potions of berserk rage
 p - 12 potions of enlightenment
 r - 3 potions of cancellation
 z - 9 potions of haste
 B - 8 potions of mutation
 D - 9 potions of attraction
 E - 7 potions of brilliance
 I - 3 potions of resistance
 J - 9 potions of lignification
 W - 6 potions of might
 X - 3 potions of magic
Miscellaneous
 u - a phial of floods
 v - a lightning rod (3/4)
 A - a phantom mirror
 Q - a sack of spiders (inert)


   Skills:
 + Level 17.7 Fighting
 - Level 18.5(19.3) Axes
 * Level 9.6(15.1) Maces & Flails
 - Level 1.7 Throwing
 + Level 16.3 Armour
 - Level 2.6 Dodging
 - Level 16.0 Shields
 * Level 8.7 Translocations
 + Level 20.3 Invocations
 - Level 9.0 Evocations


You had 19 spell levels left.
You knew the following spells:

 Your Spells              Type           Power      Damage    Failure   Level
a - Blink                 Tloc           44%        N/A       22%         2

Your spell library contained the following spells:

 Spells                   Type           Power      Damage    Failure   Level
 Apportation              Tloc           44%        N/A       16%         1
 Lesser Beckoning         Tloc           44%        N/A       22%         2
 Gell's Gravitas          Tloc           22%        N/A       41%         3
 Teleport Other           Tloc           22%        N/A       41%         3
 Momentum Strike          Conj/Tloc      22%        3d8       80%         2
 Volatile Blastmotes      Fire/Tloc      22%        2d11      95%         3
 Sandblast                Erth           0%         2d4       99%         1
 Shock                    Conj/Air       0%         1d3       99%         1
 Slow                     Hex            0%         N/A       99%         1
 Call Imp                 Summ           0%         N/A       100%        2
 Cigotuvi's Dreadful Rot  Necr/Alch/Air  0%         N/A       100%        2
 Jinxbite                 Hex            0%         N/A       100%        2
 Sublimation of Blood     Necr           0%         N/A       100%        2
 Call Canine Familiar     Summ           0%         N/A       100%        3
 Confusing Touch          Hex            0%         N/A       100%        3
 Dazzling Flash           Conj/Hex       0%         N/A       100%        3
 Hailstorm                Conj/Ice       0%         3d5       100%        3
 Inner Flame              Hex/Fire       0%         N/A       100%        3
 Sigil of Binding         Hex            0%         N/A       100%        3
 Stone Arrow              Conj/Erth      0%         3d7       100%        3
 Tukima's Dance           Hex            0%         N/A       100%        3
 Vampiric Draining        Necr           0%         2d6       100%        3
 Airstrike                Air            0%         2d(0-16)  100%        4
 Anguish                  Hex/Necr       0%         N/A       100%        4
 Animate Armour           Summ/Erth      0%         N/A       100%        4
 Brom's Barrelling Bould  Conj/Erth      0%         2d3       100%        4
 Cause Fear               Hex            0%         N/A       100%        4
 Dimensional Bullseye     Hex/Tloc       5%         N/A       100%        4
 Fulminant Prism          Conj/Alch      0%         3d5       100%        4
 Ignite Poison            Fire/Alch      0%         N/A       100%        4
 Iskenderun's Mystic Bla  Conj/Tloc      11%        2d4       100%        4
 Leda's Liquefaction      Alch/Erth      0%         N/A       100%        4
 Olgreb's Toxic Radiance  Alch           0%         N/A       100%        4
 Petrify                  Alch/Erth      0%         N/A       100%        4
 Sticky Flame             Fire/Alch      0%         2d4       100%        4
 Vhi's Electric Charge    Tloc/Air       22%        N/A       100%        4
 Alistair's Intoxication  Alch           0%         N/A       100%        5
 Arcjolt                  Conj/Air       0%         1d10      100%        5
 Borgnjor's Vile Clutch   Necr/Erth      0%         N/A       100%        5
 Irradiate                Conj/Alch      0%         3d11      100%        5
 Metabolic Englaciation   Hex/Ice        0%         N/A       100%        5
 Summon Mana Viper        Hex/Summ       0%         N/A       100%        5
 Conjure Ball Lightning   Conj/Air       0%         3x3d6     100%        6
 Eringya's Noxious Bog    Alch           0%         4d6       100%        6
 Enfeeble                 Hex            0%         N/A       100%        7
 Haunt                    Necr/Summ      0%         N/A       100%        7
 Malign Gateway           Summ/Tloc      5%         N/A       100%        7
 Ozocubu's Refrigeration  Ice            0%         4d7       100%        7
 Summon Hydra             Summ           0%         N/A       100%        7
 Discord                  Hex            0%         N/A       100%        8
 Disjunction              Tloc           11%        N/A       100%        8
 Ignition                 Fire           0%         3d3       100%        8
 Infestation              Necr           0%         N/A       100%        8
 Lehudib's Crystal Spear  Conj/Erth      0%         10d2      100%        8
 Maxwell's Capacitive Co  Air            0%         ∞         100%        8
 Summon Horrible Things   Summ           0%         N/A       100%        8
 Shatter                  Erth           0%         3d5*      100%        9
 Animate Dead             Necr           Unusable   N/A       N/A         4

Dungeon Overview and Level Annotations

Branches:
Dungeon (15/15)            Temple (0/1) D:6            Lair (5/5) D:9
 Shoals (4/4) Lair:2       Spider (4/4) Lair:3        Slime (0/5) Lair:4
    Orc (2/2) D:9             Elf (0/3) Orc:2        Vaults (4/5) D:13
  Crypt (0/3) Vaults:3     Depths (4/4) D:15            Zot (0/5) Depths:4
 Bailey (visited)         Gauntlet (visited)

Altars:
Ashenzari
Cheibriados
Gozag
Hepliaklqana
Qazlal
Uskayaw
Vehumet
Wu Jian
Yredelemnul
Jiyva

Shops:
D:1 [   D:9 *   D:14 [   Orc:2 [**[*   Shoals:2 :   Vaults:4 !   Depths:1 *
Depths:3 [

Portals:
Hell: Depths:1 Depths:2 Depths:3 Depths:4
Abyss: Depths:3 Depths:4
Pandemonium: Depths:1 Depths:2
Ziggurat: Depths:1

Annotations:
D:6 2 transporters, sychorax's ghost, amateur OpEE
D:7 1 runed translucent door, LlamaRama1234's ghost, novice MiFi
Depths:3 1 runed translucent door, Ikimono's ghost, veteran CoHs


Innate Abilities, Weirdness & Mutations

You frequently emit foul miasma when damaged in melee.
When hurt, damage is shared between your health and your magic reserves.
You regenerate magic rapidly.
You are completely covered in razor-sharp scales. (AC +3, Slay +3)
Your presence sometimes corrodes or deforms those you injure.
You have a sharp stinger which inflicts weakening toxins.


Message History

You emit a cloud of foul miasma!
You barely miss the purple draconian shifter.
You slash the rime drake! You slice the green draconian monk!!
The green draconian monk twists and deforms.
Lightning courses through the green draconian monk!!
The ice encasing you melts away.
You feel sick.
The rime drake bites you but does no damage.
The green draconian monk is engulfed in dark miasma.
The green draconian monk hits you but does no damage.
You block the green draconian monk's attack. x2
The green draconian monk tail-slaps you.
* * * LOW HITPOINT WARNING * * *
The purple draconian shifter gestures wildly while chanting.
The purple draconian shifter blinks!
You slash the rime drake!
Lightning courses through the rime drake!
You kill the rime drake!
You hit the green draconian monk.
Lightning courses through the green draconian monk!!
Your corrupting presence corrodes the green draconian monk!
The dead are flying!
You feel sick.
You miss the green draconian monk.
Your tail-slap misses the green draconian monk.
The green draconian monk is severely wounded.
You feel sick.
The purple draconian shifter mumbles some strange words.
The purple draconian shifter blinks!
The green draconian monk is engulfed in dark miasma.
The green draconian monk is poisoned.
You block the green draconian monk's attack. x3
The green draconian monk tail-slaps you!
* * * LOW HITPOINT WARNING * * *
You completely miss the green draconian monk.
You tail-slap the green draconian monk!
You kill the green draconian monk!
The purple draconian shifter breathes dispelling energy at you.
The bolt of dispelling energy hits you!!
You die...
Your body rises from the dead as a mindless zombie.

..##
##≈≈≈≈~......#
....
#≈≈≈≈~≈P...##
#§..
##≈≈≈≈~~...# #..
##≈≈≈≈~...#
#..#####≈≈~~~..#
#..q..###≈≈≈~..#
.....#
#.....###≈≈~P.#
≈≈.?..## #○Z.#
#≈≈~..# ≈≈§....#
##@.# ##≈~~.#
≈§≈≈k..## #§..#
#≈≈~.# |§§≈≈..Z#
##..# #≈≈≈##
$k≈≈≈≈..# .##
#≈~~# $$)≈≈≈..#
.. #≈≈~#
$=/D≈k..# ..#
##≈≈# $:/|≈QV##
### #~≈#
$)$$≈≈ß# ####
########


You could see a purple draconian shifter (catching breath, ally target) and a
friendly rime drake zombie.

Vanquished Creatures
  A dread lich (Depths:2)
  Sojobo (Depths:3)
  Bai Suzhen (Spider:3)
  2 caustic shrikes (Depths:4)
  3 golden dragons
  A bone dragon (Vaults:3)
  A tentacled monstrosity (Depths:4)
  A lich (Vaults:3)
  A titan (Depths:4)
  Polyphemus (Shoals:3)
  7 sphinxes
  A kraken (Shoals:3)
  12 tengu reavers
  A storm dragon (Depths:4)
  Ilsuiw (Shoals:4)
  8 fire giants
  Donald (Orc:2)
  An iron dragon (Depths:4)
  4 frost giants
  9 vault wardens
  A deep elf sorcerer (Vaults:3)
  A draconian monk (Depths:3)
  Louise (Shoals:4)
  4 ghost moths
  7 emperor scorpions
  4 spriggan defenders (Depths:2)
  A draconian annihilator (Depths:4)
  4 vampire knights
  12 ironbound preservers
  5 stone giants
  3 formless jellyfish
  An ironbound thunderhulk (Vaults:2)
  12 very ugly things
  14 dire elephants
  A war gargoyle (Vaults:4)
  A minotaur (Gauntlet)
  7 spark wasps
  4 merfolk javelineers (Shoals:4)
  4 ettins
  2 spectral krakens (Shoals:4)
  8 yaktaur captains
  Josephine (Orc:2)
  12 merfolk impalers
  2 entropy weavers
  5 great orbs of eyes
  4 fire dragons
  A rakshasa (Depths:2)
  2 peacekeepers (Vaults:3)
  A ghost crab (Shoals:4)
  4 ogre magi
  9 ice dragons
  10 vault guards
  6 spriggan air magi
  2 merfolk aquamancers (Shoals:4)
  4 centaur warriors
  2 hydras
  5 ironbound frosthearts
  3 radroaches
  5 boulder beetles
  A jorogumo (Spider:3)
  2 tengu warriors
  A catoblepas (Lair:2)
  A deep troll shaman (Depths:2)
  A death scarab (Spider:1)
  5 vampire magi
  15 two-headed ogres
  A merfolk avatar (Shoals:4)
  A death yak (Shoals:3)
  A satyr (Shoals:3)
  5 demonic crawlers
  An orc high priest (Orc:2)
  2 deep troll earth magi
  3 spriggan berserkers
  An occultist (Depths:3)
  6 hell knights
  A sixfirhy (Gauntlet)
  An iron troll (Depths:1)
  5 pharaoh ants
  A shining eye (shapeshifter) (Depths:4)
  4 skysharks (Shoals:1)
  2 skeletal warriors (D:15)
  A spriggan rider (Depths:2)
  6 flayed ghosts
  A goliath frog (Lair:5)
  9 sea snakes
  3 spark wasp zombies (Depths:2)
  3 arcanists
  41 deep trolls
  5 glowing orange brains
  12 lindwurms
  A swamp dragon (shapeshifter) (Depths:3)
  13 ironbound convokers
  8 harpies
  A deep elf pyromancer (D:12)
  4 steelbarb worms
  4 phantasmal warriors (Depths:2)
  3 orc knights
  A necromancer (Depths:3)
  9 cyclopes
  6 fauns
  8 ugly things
  A moth of wrath (Spider:4)
  2 orc sorcerers (Orc:2)
  10 wolf spiders
  A spectral merfolk (Shoals:4)
  6 manticores
  A black mamba (shapeshifter) (D:15)
  A black mamba (Lair:4)
  2 kobold blastminers (Orc:1)
  4 meliai
  3 water nymphs
  24 slime creatures
  5 merfolk sirens
  9 vault sentinels
  A water nymph (shapeshifter) (Depths:4)
  8 elephants
  A spectral sea snake (Shoals:4)
  19 cane toads
  An ice statue (D:11)
  A gargoyle (D:13)
  4 torpor snails
  Maggie (D:7)
  A steelbarb worm zombie (Spider:3)
  18 yaktaurs
  4 rime drakes
  3 komodo dragons
  A troll (shapeshifter) (D:13)
  14 merfolk
  5 trolls
  A tyrant leech (Lair:5)
  A polar bear (Lair:3)
  4 wind drakes
  A spectral manticore (Shoals:4)
  13 blink frogs
  A glass eye (Depths:4)
  16 tarantellas
  11 dream sheep
  A radroach zombie (Spider:3)
  6 snapping turtles
  13 jumping spiders
  Sigmund (D:5)
  10 water elementals
  A shadow (D:11)
  2 wyverns
  13 culicivoras
  4 fire bats (Gauntlet)
  2 wraiths
  A fire elemental (Depths:1)
  23 yaks
  8 hogs
  2 basilisks
  2 wargs
  9 vampire mosquitoes
  A steam dragon (shapeshifter) (D:15)
  31 redbacks
  A two-headed ogre zombie (Orc:1)
  3 acid dragons
  2 hell hounds (Gauntlet)
  7 water moccasins
  9 orc warriors
  2 ice beasts
  A black bear (D:7)
  5 wolves (Lair:1)
  A centaur (D:11)
  19 ogres
  A phantom (D:7)
  4 kobold brigands
  8 bullfrogs
  2 gnoll sergeants
  A scorpion (D:6)
  5 wights
  10 killer bees
  2 bombardier beetles
  3 hounds
  3 jellies (Gauntlet)
  8 orc priests
  A sleepcap (D:4)
  2 iguanas (D:5)
  7 orc wizards
  An ogre zombie (Orc:1)
  8 gnolls
  9 adders
  2 shadow imps
  3 white imps
  2 ufetubi (Gauntlet)
  2 ribbon worms
  A dart slug (D:1)
  57 orcs
  8 endoplasms
  2 giant cockroaches (D:3)
  8 goblins
  6 hobgoblins
  4 quokkas
  7 ball pythons
  3 bats
  6 frilled lizards
  33 kobolds
  4 rats
  6 tentacles
1041 creatures vanquished.

Vanquished Creatures (collateral kills)
  2 caustic shrikes (Depths:4)
  A golden dragon (Depths:3)
  2 tentacled monstrosities
  A lich (Vaults:3)
  Asterion (Spider:2)
  Mlioglotl (Spider:2)
  3 sphinxes
  A quicksilver dragon (Depths:3)
  2 shadow dragons
  Roxanne (D:14)
  3 fire giants
  3 frost giants
  An emperor scorpion (Spider:1)
  3 vault wardens
  An orc warlord (Vaults:4)
  A broodmother (Spider:2)
  5 very ugly things
  3 ironbound thunderhulks
  5 ironbound preservers
  A spriggan defender (Depths:2)
  2 stone giants
  A vampire knight (Depths:2)
  3 spark wasps
  4 dire elephants
  4 merfolk javelineers
  An ettin (Depths:2)
  An entropy weaver (Spider:2)
  2 fire dragons (Depths:4)
  2 yaktaur captains
  A vault guard (Vaults:2)
  A merfolk impaler (Shoals:4)
  An entropy weaver (shapeshifter) (Depths:4)
  A spriggan zombie (Depths:2)
  3 ice dragons (Depths:2)
  A hydra (D:13)
  An ogre mage (Orc:2)
  2 centaur warriors
  A ghost crab (Shoals:4)
  Erica (D:11)
  2 radroaches (Spider:4)
  3 merfolk aquamancers
  6 two-headed ogres
  A tengu warrior (D:15)
  A death yak (Shoals:3)
  A deep troll shaman (Depths:4)
  4 spriggan berserkers (Depths:2)
  4 boulder beetles
  3 deep troll earth magi
  2 vampire magi (Depths:2)
  3 demonic crawlers
  A hell hog (Spider:3)
  A fire crab (Gauntlet)
  A skyshark (Lair:2)
  2 skeletal warriors (D:15)
  An iron troll (Depths:2)
  4 sea snakes
  A spriggan rider (Depths:2)
  2 pharaoh ants (Spider:4)
  2 spark wasp zombies (Depths:2)
  A flayed ghost (Depths:2)
  A sun moth (Spider:3)
  12 deep trolls
  7 orb spiders
  4 lindwurms
  3 phantasmal warriors (Depths:2)
  5 ironbound convokers
  3 steelbarb worms
  An arcanist (Vaults:3)
  7 wolf spiders
  An orc knight (Vaults:4)
  9 harpies
  A fire giant zombie (Depths:3)
  2 ugly things (Depths:2)
  3 fauns
  7 manticores
  5 cyclopes
  Maurice (D:7)
  7 elephants
  2 merfolk sirens (Shoals:2)
  A salamander (Depths:1)
  A moth of wrath (Spider:4)
  A kobold blastminer (Orc:1)
  3 torpor snails
  A smoke demon (Depths:2)
  5 vault sentinels
  6 cane toads
  A black mamba (Lair:4)
  3 water nymphs
  2 komodo dragons (Lair:2)
  An unseen horror (D:12)
  5 yaktaurs
  9 merfolk
  4 trolls (Orc:2)
  2 polar bears
  7 tarantellas
  2 tyrant leeches (Lair:5)
  2 wind drakes
  2 glass eyes (Depths:2)
  12 blink frogs
  A snapping turtle (shapeshifter) (Depths:4)
  9 dream sheep
  4 snapping turtles
  A spectral manticore (Shoals:4)
  7 culicivoras
  10 jumping spiders
  9 slime creatures
  2 wyverns
  5 wraiths
  5 water elementals
  4 basilisks
  5 hogs
  17 yaks
  A warg (Orc:2)
  16 redbacks
  3 vampire mosquitoes
  2 water moccasins (Lair:1)
  A swamp worm (shapeshifter) (Depths:2)
  12 orc warriors
  A black bear (D:5)
  A sky beast (D:8)
  A wolf (Lair:1)
  16 ogres
  A kobold brigand (D:9)
  10 bullfrogs
  2 wights (D:10)
  3 howler monkeys (D:9)
  A bombardier beetle (D:5)
  An electric eel (Lair:5)
  A hound (D:4)
  6 orc priests
  3 iguanas
  3 orc wizards
  2 gnolls (D:6)
  6 adders
  A dart slug (D:3)
  23 orcs
  A ball python (D:3)
  5 kobolds
  3 tentacles (Shoals:3)
476 creatures vanquished.

Vanquished Creatures (others)
  A spectral fire dragon (Depths:4)
  A spectral caustic shrike (Depths:4)
  2 spectral tentacled monstrosities
  3 spectral humans
  A spectral fire giant (Depths:3)
  A spectral dire elephant (Vaults:4)
  5 very ugly thing zombies (Depths:4)
  7 spriggan zombies
  3 sphinx zombies
  A catoblepas (Shoals:3)
  6 tengu zombies
  A titan zombie (Depths:4)
  A spectral spriggan (Depths:3)
  2 golden dragon zombies
  3 spark wasp zombies
  3 wolf spider zombies
  An ugly thing (Depths:2)
  An ugly thing zombie (Depths:4)
  2 stone giant zombies
  4 fire giant zombies (Depths:4)
  A frost giant zombie (Depths:2)
  A manticore (Shoals:4)
  A centaur zombie (D:15)
  A merfolk siren (Shoals:3)
  4 sea snake zombies
  3 orb spider zombies (Spider:3)
  16 redback zombies
  A merfolk (Shoals:3)
  2 harpy zombies
  A demonic crawler zombie (Spider:3)
  2 ettin zombies
  A meliai zombie (Spider:4)
  5 tarantella zombies
  6 culicivora zombies
  5 jumping spider zombies
  3 ice dragon zombies
  A water elemental (Shoals:3)
  A fire dragon zombie (Depths:4)
  A black mamba zombie (D:15)
  2 spectral ogres
  2 wind drake zombies
  A spectral kobold (D:13)
  3 slime creature zombies
  A water nymph zombie (Shoals:4)
  A fire bat zombie (Gauntlet)
  A faun zombie (Shoals:3)
  13 human zombies
  2 two-headed ogre zombies (Orc:2)
  3 deep troll zombies
  2 cane toad zombies
  A swamp drake (Depths:3)
  14 merfolk zombies
  4 blink frog zombies (Lair:5)
  An elephant zombie (Lair:4)
  A swamp dragon zombie (Depths:3)
  A lindwurm zombie (Vaults:3)
  A torpor snail zombie (Spider:3)
  A rime drake zombie (Depths:3)
  5 yaktaur zombies
  2 hell hound zombies (Gauntlet)
  2 troll zombies (Orc:2)
  A wolf zombie (Lair:1)
  A black bear zombie (D:5)
  6 bullfrog zombies
  An orc wizard (D:4)
  A killer bee zombie (D:12)
  8 ogre zombies
  2 hound zombies
  5 gnoll zombies
  2 iguana zombies
  A spectral shadow imp (D:6)
  A spectral white imp (D:6)
  5 adder zombies (Lair:3)
  A ball python zombie (D:4)
  An endoplasm zombie (D:4)
  A frilled lizard zombie (D:2)
  5 goblin zombies
  2 hobgoblin zombies
  3 kobold zombies
  30 orc zombies
  A spectral ufetubus (Gauntlet)
  10 tentacles
257 creatures vanquished.

Grand Total: 1774 creatures vanquished

Notes
Turn   | Place    | Note
-------+----------+-------------------------------------------
     0 | D:1      | adelrune the Demonspawn Gladiator began the quest for the
                  | Orb.
     0 | D:1      | Reached XP level 1. HP: 16/16 MP: 1/1
   104 | D:1      | Found Azuf's Armour Shoppe.
   164 | D:1      | Gained mutation: You have a small tail. [demonic ancestry]
   164 | D:1      | Reached XP level 2. HP: 21/22 MP: 2/2
   817 | D:2      | Reached skill level 1 in Armour
   862 | D:2      | Reached XP level 3. HP: 28/28 MP: 3/3
   987 | D:2      | Found a faded altar of an unknown god.
  1097 | D:2      | Prayed at the altar of an unknown god.
  1097 | D:2      | Became a worshipper of Yredelemnul the Fallen
  1097 | D:2      | Reached * piety under Yredelemnul
  1629 | D:3      | Found a basalt altar of Yredelemnul.
  1849 | D:3      | Gained mutation: You are partially covered in razor-sharp
                  | scales. (AC +1, Slay +1) [demonic ancestry]
  1849 | D:3      | Reached XP level 4. HP: 30/34 MP: 4/4
  2068 | D:3      | Found an ornate altar of the Wu Jian Council.
  2313 | D:4      | Reached ** piety under Yredelemnul
  2395 | D:4      | Reached XP level 5. HP: 41/41 MP: 3/5
  2884 | D:4      | Reached XP level 6. HP: 24/47 MP: 4/6
  3244 | D:5      | Entered Level 5 of the Dungeon
  3312 | D:5      | Reached skill level 5 in Axes
  3584 | D:5      | Gained mutation: You are mostly covered in razor-sharp
                  | scales. (AC +2, Slay +2) [demonic ancestry]
  3584 | D:5      | Reached XP level 7. HP: 41/54 MP: 3/7
  4364 | D:5      | Noticed Sigmund
  4380 | D:5      | Killed Sigmund
  4535 | D:6      | Reached *** piety under Yredelemnul
  4570 | D:6      | Noticed a shadow
  4571 | D:6      | Noticed a yak
  4721 | D:6      | Noticed a two-headed ogre
  4746 | D:6      | Killed a two-headed ogre
  4747 | D:6      | Reached skill level 5 in Fighting
  4747 | D:6      | Reached XP level 8. HP: 26/64 MP: 1/8
  5016 | D:6      | Noticed sychorax's ghost (amateur OpEE)
  5160 | D:6      | Reached skill level 5 in Armour
  5239 | D:6      | Found a transporter.
  5247 | D:6      | Found a transporter.
  5310 | D:6      | Found a staircase to the Ecumenical Temple.
  5412 | D:6      | Gained mutation: You may rarely emit foul miasma when
                  | damaged in melee. [demonic ancestry]
  5412 | D:6      | Reached XP level 9. HP: 60/69 MP: 7/9
  5579 | D:7      | Noticed Maurice
  5588 | D:7      | Killed Maurice
  5661 | D:7      | Found a flagged portal.
  5680 | Bailey   | Entered a bailey
  5749 | Bailey   | Reached **** piety under Yredelemnul
  6628 | D:7      | Found a runed translucent door.
  7114 | D:1      | Bought the +10 plate armour "Tyiditad" {Harm Int+3} for
                  | 1208 gold pieces
  7127 | D:1      | Bought a +0 pair of boots for 63 gold pieces
  7127 | D:1      | Bought a +0 pair of gloves for 63 gold pieces
  7416 | D:7      | Noticed Maggie
  7421 | D:7      | Paralysed by Maggie for 5 turns
  7433 | D:7      | Killed Maggie
  7434 | D:7      | Gained mutation: You sometimes emit foul miasma when
                  | damaged in melee. [demonic ancestry]
  7434 | D:7      | Reached XP level 10. HP: 33/77 MP: 4/10
  7708 | D:7      | Noticed LlamaRama1234's ghost (novice MiFi)
  7820 | D:8      | Noticed a +0 hand axe
  7846 | D:8      | Reached skill level 1 in Invocations
  7849 | D:8      | Reached skill level 10 in Axes
  8000 | D:8      | Reached skill level 2 in Invocations
  8094 | D:8      | Found a hide-covered altar of Uskayaw.
  8099 | D:8      | Noticed a +0 dagger
  8392 | D:9      | Found a staircase to the Orcish Mines.
  8441 | D:9      | Reached skill level 3 in Invocations
  8494 | D:9      | Reached ***** piety under Yredelemnul
  8575 | D:9      | Found Hodul's General Store.
  8584 | D:9      | Bought a scroll of amnesia for 60 gold pieces
  8747 | D:9      | Found a snail-covered altar of Cheibriados.
  8867 | D:9      | Noticed a cyan ugly thing
  8867 | D:9      | Noticed a tengu warrior
  8919 | D:9      | Found a staircase to the Lair.
  8982 | D:9      | Found a radiant altar of Vehumet.
  9117 | D:9      | Noticed a two-headed ogre
  9126 | D:9      | Killed a two-headed ogre
  9127 | D:9      | Reached skill level 4 in Invocations
  9719 | D:10     | Entered Level 10 of the Dungeon
  9792 | D:10     | Noticed a two-headed ogre
  9805 | D:10     | Killed a two-headed ogre
  9805 | D:10     | Bound a two-headed ogre
 10136 | D:10     | Noticed a two-headed ogre
 10141 | D:10     | Killed a two-headed ogre
 10142 | D:10     | Reached skill level 5 in Invocations
 10142 | D:10     | Reached XP level 11. HP: 87/87 MP: 14/14
 10171 | D:10     | Found a stormy altar of Qazlal.
 10185 | D:10     | Noticed Erolcha
 10190 | D:10     | Killed Erolcha
 10190 | D:10     | Bound Erolcha
 10864 | D:10     | Found a broken altar of Ashenzari.
 10865 | D:10     | Noticed a two-headed ogre
 10868 | D:10     | Killed a two-headed ogre
 11061 | Lair:1   | Entered Level 1 of the Lair of Beasts
 11340 | Lair:1   | Reached skill level 6 in Invocations
 12672 | Lair:2   | Noticed a skyshark
 12680 | Lair:2   | Killed a skyshark
 12681 | Lair:2   | Reached skill level 7 in Invocations
 12746 | Lair:2   | Noticed a catoblepas
 12763 | Lair:2   | Killed a catoblepas
 12764 | Lair:2   | Found a gate leading to a gauntlet.
 12776 | Gauntlet | Entered a Gauntlet
 12776 | Gauntlet | Found a transporter.
 12880 | Gauntlet | Found a transporter.
 12890 | Gauntlet | Found a transporter.
 12894 | Gauntlet | Noticed an entropy weaver
 12895 | Gauntlet | Found a transporter.
 12912 | Gauntlet | Found a transporter.
 12914 | Gauntlet | Noticed an orange crystal statue
 12929 | Gauntlet | Noticed a wolf spider
 12930 | Gauntlet | Found a transporter.
 12939 | Gauntlet | Noticed a green ugly thing
 12940 | Gauntlet | Noticed a cyan ugly thing
 12941 | Gauntlet | Noticed a great orb of eyes
 12942 | Gauntlet | Found a transporter.
 12952 | Gauntlet | Noticed a blizzard demon
 12954 | Gauntlet | Found a transporter.
 12966 | Gauntlet | Found a transporter.
 12971 | Gauntlet | Noticed a green death
 12974 | Gauntlet | Found a large runed translucent door.
 12975 | Gauntlet | Found a large runed translucent door.
 12976 | Gauntlet | Found a large runed translucent door.
 12976 | Gauntlet | Found a large runed translucent door.
 12977 | Gauntlet | Found a runed translucent gate.
 12978 | Gauntlet | Found a transporter.
 12978 | Gauntlet | Found a runed translucent gate.
 12979 | Gauntlet | Found a runed translucent gate.
 12980 | Gauntlet | Found a large runed translucent door.
 12980 | Gauntlet | Found a large runed translucent door.
 12981 | Gauntlet | Found a large runed translucent door.
 12982 | Gauntlet | Found a large runed translucent door.
 12982 | Gauntlet | Noticed a fire crab
 12991 | Gauntlet | Found a large runed translucent door.
 12991 | Gauntlet | Found a large runed translucent door.
 12991 | Gauntlet | Found a runed translucent door.
 12991 | Gauntlet | Found a runed translucent door.
 12992 | Gauntlet | Found a large runed translucent door.
 12993 | Gauntlet | Found a large runed translucent door.
 12995 | Gauntlet | Found a transporter.
 13003 | Gauntlet | Found a large runed translucent door.
 13003 | Gauntlet | Found a large runed translucent door.
 13004 | Gauntlet | Found a large runed translucent door.
 13005 | Gauntlet | Found a large runed translucent door.
 13013 | Gauntlet | Found a transporter.
 13015 | Gauntlet | Found a transporter.
 13016 | Gauntlet | Noticed a sixfirhy
 13040 | Gauntlet | Found a transporter.
 13042 | Gauntlet | Found a transporter.
 13062 | Gauntlet | Found a transporter.
 13140 | Gauntlet | Found a transporter.
 13162 | Gauntlet | Found a transporter.
 13429 | Gauntlet | Killed a sixfirhy
 13430 | Gauntlet | Gained mutation: You frequently emit foul miasma when
                  | damaged in melee. [demonic ancestry]
 13430 | Gauntlet | Reached XP level 12. HP: 80/97 MP: 13/17
 13438 | Gauntlet | Identified the ring of Ecenaih {Ice Int+3}
 13481 | Gauntlet | Reached skill level 8 in Invocations
 13486 | Gauntlet | Identified the +1 helmet of the Imp {Fly rCorr Dex-4}
 13593 | Gauntlet | Identified the +9 flail "Eruicelunge" {freeze, Int+3
                  | Stlth+}
 13593 | Gauntlet | Identified the +4 kite shield of the Carpenter {Will+}
 13593 | Gauntlet | Noticed a minotaur
 13612 | Gauntlet | Your ally Erolcha died
 13614 | Gauntlet | Killed a minotaur
 13632 | Gauntlet | Identified the +2 robe of Dramatic Exits {rF+ Will+ Dex+2}
 13635 | Gauntlet | Got the Codex of Baleful Frostbite
 13637 | Gauntlet | Identified the +1 robe "Qudylluo" {Stlth+}
 13638 | Gauntlet | Got the Atlas of Blinking Ouranomancy
 13787 | Lair:2   | Reached skill level 10 in Fighting
 13797 | Lair:2   | Found a staircase to the Shoals.
 13976 | Lair:1   | HP: 4/97 [poisoned by a cane toad]
 14418 | Lair:2   | Noticed a seven-headed hydra
 14425 | Lair:2   | Killed a six-headed hydra
 14922 | Lair:3   | Reached skill level 9 in Invocations
 15079 | Lair:3   | Identified the +1 leather armour of Divine Compulsion {rF+
                  | rC+}
 15509 | Lair:3   | Found a hole to the Spider Nest.
 15554 | Lair:3   | Gained mutation: You are completely covered in razor-sharp
                  | scales. (AC +3, Slay +3) [demonic ancestry]
 15554 | Lair:3   | Reached XP level 13. HP: 91/105 MP: 17/20
 15635 | Lair:3   | Reached skill level 10 in Invocations
 15997 | Lair:4   | Noticed Sonja
 16000 | Lair:4   | Killed Sonja
 16000 | Lair:4   | Bound Sonja
 16101 | Lair:4   | Found a viscous altar of Jiyva.
 16101 | Lair:4   | Found a staircase to the Slime Pits.
 16123 | Lair:4   | Identified the +10 war axe of the Smoking Boar {antimagic,
                  | Dex+2 Stlth+}
 16400 | Lair:4   | Reached skill level 10 in Armour
 16602 | Lair:5   | Entered Level 5 of the Lair of Beasts
 16844 | Lair:5   | Reached skill level 1 in Shields
 16906 | Lair:5   | Reached skill level 11 in Invocations
 17503 | Lair:5   | Gained mutation: You regenerate magic rapidly. [demonic
                  | ancestry]
 17503 | Lair:5   | Reached XP level 14. HP: 114/114 MP: 22/22
 18068 | Orc:1    | Entered Level 1 of the Orcish Mines
 18106 | Orc:2    | Entered Level 2 of the Orcish Mines
 18126 | Orc:2    | Noticed Josephine
 18135 | Orc:2    | Killed Josephine
 18140 | Orc:2    | Reached skill level 15 in Axes
 18238 | Orc:2    | Noticed Donald
 18247 | Orc:2    | Killed Donald
 18295 | Orc:2    | Found Buatzisu's Assorted Antiques.
 18301 | Orc:2    | Found a staircase to the Elven Halls.
 18343 | Orc:2    | Reached skill level 5 in Shields
 18354 | Orc:2    | Reached skill level 12 in Invocations
 18365 | Orc:2    | Your ally Josephine died
 18584 | Orc:2    | Found Tephiar's Armour Emporium.
 18586 | Orc:2    | Found Urojim's General Store.
 18587 | Orc:2    | Found Toewap's Assorted Antiques.
 18597 | Orc:2    | Found Wewk's Antique Armour Shoppe.
 19263 | Orc:1    | Reached ****** piety under Yredelemnul
 19287 | Orc:1    | Identified the +1 scale mail "Geanocos" {rF+ Str+2}
 19411 | Orc:2    | Bought a scroll of identify for 30 gold pieces
 19411 | Orc:2    | Bought a wand of digging (4) for 252 gold pieces
 19411 | Orc:2    | Bought a scroll of enchant armour for 112 gold pieces
 19417 | Orc:2    | Bought a glowing broad axe for 126 gold pieces
 19423 | Orc:2    | Bought an embroidered scarf for 232 gold pieces
 19445 | Orc:2    | Bought the +1 pair of boots of Death's Door {Rampage rN++
                  | Str-3 Dex+3} for 378 gold pieces
 19550 | Orc:2    | Bought a potion of berserk rage for 135 gold pieces
 19550 | Orc:2    | Bought a scroll of identify for 54 gold pieces
 19550 | Orc:2    | Bought a scroll of blinking for 202 gold pieces
 19550 | Orc:2    | Bought a scroll of identify for 54 gold pieces
 19550 | Orc:2    | Bought a scroll of fog for 108 gold pieces
 19550 | Orc:2    | Bought a potion of heal wounds for 135 gold pieces
 20121 | D:11     | Noticed Erica
 20129 | D:11     | Killed Erica
 20377 | D:11     | Gained mutation: When hurt, damage is shared between your
                  | health and your magic reserves. [demonic ancestry]
 20377 | D:11     | Reached XP level 15. HP: 110/122 MP: 24/24
 20959 | D:12     | Reached skill level 1 in Evocations
 21200 | D:13     | Found a radiant altar of Vehumet.
 21381 | D:13     | Found a gate to the Vaults.
 21431 | D:13     | Your ally Sonja died
 21432 | D:13     | Reached skill level 13 in Invocations
 21892 | D:13     | Noticed Kirke
 21898 | D:13     | Killed Kirke
 21898 | D:13     | Bound Kirke
 22150 | D:13     | Identified the +0 chain mail of the Thistle {rPois}
 22307 | D:14     | Noticed Roxanne
 22323 | D:14     | Killed Roxanne
 22859 | D:14     | Found Syqeuc's Antique Armour Boutique.
 23006 | D:15     | Entered Level 15 of the Dungeon
 23100 | D:15     | Found a staircase to the Depths.
 23808 | Spider:1 | Entered Level 1 of the Spider Nest
 23983 | Spider:1 | Noticed an emperor scorpion
 23994 | Spider:1 | Killed an emperor scorpion
 24939 | Spider:2 | Noticed Asterion
 24948 | Spider:2 | Gained mutation: You have a tail ending in a sharp stinger.
                  | [demonic ancestry]
 24948 | Spider:2 | Reached XP level 16. HP: 70/130 MP: 18/26
 24951 | Spider:2 | Killed Asterion
 25373 | Spider:2 | Noticed Mlioglotl
 25381 | Spider:2 | Noticed a tentacled starspawn
 25382 | Spider:2 | Killed Mlioglotl
 25628 | Spider:2 | Reached skill level 14 in Invocations
 26664 | Spider:3 | Reached skill level 5 in Evocations
 26853 | Spider:3 | Reached skill level 10 in Shields
 27040 | Spider:3 | Noticed Bai Suzhen
 27069 | Spider:3 | Killed Bai Suzhen
 27069 | Spider:3 | Your ally Kirke died
 27502 | Spider:4 | Entered Level 4 of the Spider Nest
 27719 | Spider:4 | Gained mutation: You have a sharp stinger which inflicts
                  | weakening toxins. [demonic ancestry]
 27719 | Spider:4 | Reached XP level 17. HP: 138/138 MP: 27/27
 28096 | Spider:4 | Got a gossamer rune of Zot
 28890 | Shoals:1 | Entered Level 1 of the Shoals
 28949 | Shoals:1 | Found a flickering gateway to a bazaar.
 28959 | Bazaar   | Entered a bazaar
 28959 | Bazaar   | Found Xoph's Magic Scroll Shoppe.
 28959 | Bazaar   | Found Zufoe's Weapon Emporium.
 28963 | Bazaar   | Found Ukefim's Distillery.
 28977 | Bazaar   | Found Xiomul's Jewellery Shoppe.
 28985 | Bazaar   | Bought a ring of protection from fire for 200 gold pieces
 28985 | Bazaar   | Bought an amulet of reflection for 240 gold pieces
 28985 | Bazaar   | Bought an amulet of regeneration for 240 gold pieces
 29005 | Bazaar   | Bought a scroll of fear for 44 gold pieces
 29005 | Bazaar   | Bought a scroll of fog for 44 gold pieces
 29005 | Bazaar   | Bought a scroll of fear for 44 gold pieces
 29005 | Bazaar   | Bought a scroll of enchant weapon for 82 gold pieces
 29015 | Bazaar   | Bought a potion of might for 48 gold pieces
 29015 | Bazaar   | Bought a potion of might for 48 gold pieces
 29015 | Bazaar   | Bought a potion of heal wounds for 60 gold pieces
 29015 | Bazaar   | Bought a potion of ambrosia for 96 gold pieces
 29226 | Shoals:1 | Identified a scroll of acquirement
 29230 | Shoals:1 | Acquired the +2 helmet of Cocytus {rElec Str-5 Dex+6}
 29361 | Shoals:1 | Reached skill level 15 in Invocations
 29928 | Shoals:2 | Found Duisaul's Vocational Training.
 30573 | Shoals:3 | Noticed Polyphemus
 30585 | Shoals:3 | Noticed Nikola
 30597 | Shoals:3 | Killed Polyphemus
 30598 | Shoals:3 | Killed Nikola
 30598 | Shoals:3 | Bound Nikola
 30752 | Shoals:3 | Noticed a kraken
 30757 | Shoals:3 | Killed a kraken
 31154 | Shoals:4 | Entered Level 4 of the Shoals
 31173 | Shoals:4 | Reached XP level 18. HP: 141/147 MP: 6/29
 31296 | Shoals:4 | Noticed Louise
 31301 | Shoals:4 | Killed Louise
 31336 | Shoals:4 | Your ally Nikola died
 31646 | Shoals:4 | Got a barnacled rune of Zot
 31720 | Shoals:4 | Identified the +1 robe "Dut Geklei" {Harm *Corrode rC+
                  | Archmagi}
 31733 | Shoals:4 | Noticed Ilsuiw
 31750 | Shoals:4 | Killed Ilsuiw
 31871 | Shoals:4 | Learned a level 2 spell: Blink
 32586 | Shoals:4 | Reached skill level 16 in Invocations
 32900 | Vaults:1 | Entered Level 1 of the Vaults
 34359 | Vaults:1 | Reached skill level 15 in Fighting
 34958 | Vaults:2 | Reached XP level 19. HP: 155/155 MP: 31/31
 35265 | Vaults:2 | Paralysed by a formless jellyfish for 1 turns
 35768 | Vaults:2 | Reached skill level 17 in Invocations
 36440 | Vaults:3 | Found a flickering gateway to a bazaar.
 36452 | Bazaar   | Entered a bazaar
 36453 | Bazaar   | Found Naqagu's Antique Armour Emporium.
 36460 | Bazaar   | Found Culoag's Armour Boutique.
 36465 | Bazaar   | Found Uhecet's General Store.
 36471 | Bazaar   | Found Xeipig's Antique Armour Shoppe.
 36487 | Bazaar   | Found Nijilyezy's Armour Boutique.
 36525 | Bazaar   | Bought a pair of glowing gloves for 195 gold pieces
 36666 | Vaults:3 | Identified the +4 ring mail of Inquiry {*Slow rPois Int+5}
 36795 | Vaults:3 | Noticed a bone dragon
 36797 | Vaults:3 | Found a staircase to the Crypt.
 36806 | Vaults:3 | Killed a bone dragon
 36854 | Vaults:3 | Got the Parchment of Context
 38030 | Vaults:4 | Identified the amulet of the Sky {Reflect +Blink Will+
                  | Str-5 SH+5}
 38380 | Vaults:4 | Reached XP level 20. HP: 164/164 MP: 32/32
 38383 | Vaults:4 | Reached skill level 15 in Shields
 38542 | Vaults:4 | Reached skill level 18 in Invocations
 38550 | Vaults:4 | Found Goohoegu's Distillery.
 38614 | Vaults:4 | Bought a potion of cancellation for 160 gold pieces
 38614 | Vaults:4 | Bought a potion of heal wounds for 100 gold pieces
 38614 | Vaults:4 | Bought a potion of haste for 200 gold pieces
 38614 | Vaults:4 | Bought a potion of heal wounds for 100 gold pieces
 38614 | Vaults:4 | Bought a potion of cancellation for 160 gold pieces
 39968 | Depths:1 | Entered Level 1 of the Depths
 39995 | Depths:1 | Found Cuezilea's Overcharged Wands.
 40074 | Depths:1 | Found a one-way gateway to a ziggurat.
 40109 | Depths:1 | Reached skill level 15 in Armour
 40253 | Depths:1 | Found a one-way gate leading to the halls of Pandemonium.
 40408 | Depths:1 | Identified the +1 plate armour of Perfidy {+Blink rN+}
 40613 | Depths:1 | Found a gateway to Hell.
 41417 | Depths:1 | Reached skill level 1 in Translocations
 42008 | Depths:2 | Reached skill level 19 in Invocations
 42049 | Depths:2 | Noticed a dread lich
 42069 | Depths:2 | Killed a dread lich
 42079 | Depths:2 | Identified the +10 flail "Venatec" {holy, *Noise Will+
                  | Int+4}
 42080 | Depths:2 | Identified the +4 whip of Change {protect, *Noise rElec
                  | Int+4}
 42442 | Depths:2 | Gained mutation: Your presence sometimes corrodes those you
                  | injure. [demonic ancestry]
 42442 | Depths:2 | Reached XP level 21. HP: 153/173 MP: 25/34
 42618 | Depths:2 | Reached skill level 5 in Translocations
 43577 | Depths:2 | Reached skill level 1 in Maces & Flails
 44067 | Depths:3 | Found a one-way gate to the infinite horrors of the Abyss.
 44240 | Depths:3 | Found Beacust's Armour Shoppe.
 44358 | Depths:3 | Noticed Sojobo
 44651 | Depths:3 | Killed Sojobo
 44872 | Depths:3 | Found a runed translucent door.
 44872 | Depths:3 | Noticed Ikimono's ghost (veteran CoHs)
 44888 | Depths:3 | Noticed a golden dragon
 44896 | Depths:3 | Killed a golden dragon
 44919 | Depths:3 | Your ally Sojobo died
 45527 | Depths:3 | Noticed a golden dragon
 45543 | Depths:3 | Killed a golden dragon
 45733 | Depths:4 | Entered Level 4 of the Depths
 45754 | Depths:4 | Reached skill level 5 in Maces & Flails
 45939 | Depths:4 | Noticed a caustic shrike
 45940 | Depths:4 | Noticed a caustic shrike
 45941 | Depths:4 | Noticed a caustic shrike
 45941 | Depths:4 | Noticed a caustic shrike
 45947 | Depths:4 | Killed a caustic shrike
 45948 | Depths:4 | Killed a caustic shrike
 45948 | Depths:4 | Bound a caustic shrike
 45949 | Depths:4 | Killed a caustic shrike
 45950 | Depths:4 | Killed a caustic shrike
 46385 | Depths:4 | Found a gate to the Realm of Zot.
 46666 | Depths:4 | Found an opulent altar of Gozag.
 46666 | Depths:4 | Found a radiant altar of Vehumet.
 46667 | Depths:4 | Found a hazy altar of Hepliaklqana.
 46715 | Depths:4 | Noticed a golden dragon
 46727 | Depths:4 | Killed a golden dragon
 46923 | Depths:4 | Noticed a golden dragon
 46963 | Depths:4 | Killed a golden dragon
 47281 | Depths:4 | Noticed Xtahua
 47302 | Depths:4 | Killed Xtahua
 47302 | Depths:4 | Bound Xtahua
 47325 | Depths:4 | Reached skill level 20 in Invocations
 48021 | Depths:4 | Your ally Xtahua died
 48358 | Depths:4 | Gained mutation: Your presence sometimes corrodes or
                  | deforms those you injure. [demonic ancestry]
 48358 | Depths:4 | Reached XP level 22. HP: 129/182 MP: 34/36
 49207 | Depths:4 | Found the +3 pair of mountain boots {steadfast, rC+}
 49582 | Depths:4 | Noticed a caustic shrike
 49591 | Depths:4 | Killed a caustic shrike
 50147 | Depths:3 | Noticed a golden dragon
 50149 | Depths:3 | HP: 8/173 [tengu reaver/bolt of negative energy (28)]
 50159 | Depths:3 | HP: 8/174 [green draconian monk (3)]
 50160 | Depths:3 | Killed from afar by a purple draconian shifter

Illustrated notes

Levels and vault maps discovered:
D:1:      dpeg_arrival_arbitrary_a, layout_loops_ring, serial_shops,
          nicolae_shop_tiny_waterfront, minmay_pentomino_r4
D:2:      layout_loops_ring, shapermc_ecumenical_altar_starsandcircs
D:3:      layout_loops_ring, kennysheep_ying_yang, mainiacjoe_overflow_24_doors
D:4:      layout_loops_cross
D:5:      layout_basic, uniq_sigmund
D:6:      layout_loops_cross, minmay_temple_entry_statues_pillars,
          gammafunk_ghost_arena, grunt_ministairs_11
D:7:      layout_loops_corners, ebering_ghost_reflecting_pool, enter_bailey_6,
          corexii_leaking_fountain, uniq_maurice, uniq_maggie
D:8:      layout_rooms, dancing_weapons_uskayaw
D:9:      nicolae_hitomezashi [nicolae_hito_row, nicolae_hito_row,
          nicolae_hito_row, nicolae_hito_row, nicolae_hito_row,
          nicolae_hito_row, nicolae_hito_row, nicolae_hito_row,
          nicolae_hito_row, nicolae_hito_row, nicolae_hito_row,
          nicolae_hito_row, nicolae_hito_row, nicolae_hito_row,
          nicolae_hito_row, nicolae_hito_row, nicolae_hito_row,
          nicolae_hito_row], layout_basic, mainiacjoe_overflow_six_doors_small,
          mainiacjoe_overflow_large_starburst, serial_shops, shop,
          lightli_corner_chamber
D:10:     nicolae_cairo_tiling_very_big, layout_loops_corners,
          mainiacjoe_overflow_big_doors, ashenzari_conservatory_becter,
          kennysheep_small_spiral, uniq_erolcha
D:11:     lemuel_ice_statue, layout_stronghold, uniq_erica
D:12:     layout_rooms, dk_vineyard_1, eino_jars
D:13:     layout_irregular_city, erik_vaults_2, nicolae_vehumet_altar_sigil,
          uniq_kirke
D:14:     layout_stronghold, serial_shops,
          nicolae_shop_temple_entry_statues_fountains, hangedman_decor_opposing,
          kennysheep_generic_room_4, uniq_roxanne
D:15:     grunt_enter_depths_giant_problem, layout_cave_pools, chequers_avenue
Lair:1:   layout_chaotic_city, grunt_megastairs_4
Lair:2:   layout_regular_city, minmay_shoals_entry_hut, gauntlet_entry_generic,
          minivault_27, grunt_megastairs_3
Lair:3:   minmay_lair_venomous_thicket, layout_long_grid,
          spider_nest_entry_web_field
Lair:4:   layout_loops_ring, slime_entry_1, uniq_sonja
Lair:5:   minmay_lair_end_frog_pond, layout_long_grid
Shoals:1: layout_shoals, serial_shops, bzr_entry_lakeside
Shoals:2: layout_shoals, nicolae_shop_vocational
Shoals:3: layout_shoals, uniq_nikola, uniq_polyphemus
Shoals:4: shoals_end_simple, layout_shoals, shoal_ilsuiw,
          nicolae_shoals_spectral_cove, uniq_louise
Spider:1: nicolae_spider_hilbert_zone_1 [nicolae_spider_hilbert_4_sides_1_open,
          nicolae_spider_hilbert_4_sides_1_open,
          nicolae_spider_hilbert_4_sides_1_open,
          nicolae_spider_hilbert_4_sides_1_open,
          nicolae_spider_hilbert_3_sides_1_open,
          nicolae_spider_hilbert_3_sides_1_open,
          nicolae_spider_hilbert_3_sides_1_open,
          nicolae_spider_hilbert_3_sides_1_open,
          nicolae_spider_hilbert_3_sides_1_open,
          nicolae_spider_hilbert_6_sides_1_open,
          nicolae_spider_hilbert_6_sides_1_open,
          nicolae_spider_hilbert_3_sides_1_open,
          nicolae_spider_hilbert_3_sides_1_open,
          nicolae_spider_hilbert_3_sides_1_open,
          nicolae_spider_hilbert_3_sides_1_open,
          nicolae_spider_hilbert_2_sides_1_open]
Spider:2: layout_cave_pods, guppyfry_spider_mini_1, uniq_asterion,
          uniq_mlioglotl
Spider:3: layout_spider_delve, uniq_bai_suzhen
Spider:4: hellmonk_spider_rune_bug_friends
Orc:1:    lemuel_ogre_cave, layout_diamond_mine
Orc:2:    st_orc_open, layout_diamond_mine, serial_shops, shop, uniq_donald,
          uniq_josephine
Vaults:1: grunt_vaults_focal, vaults_mumra_hexcomb,
          nicolae_vaults_more_shelving_1, v_alt_pattern_3,
          nicolae_vaults_hallways_thing, nicolae_vaults_network_quinsquares
          [nicolae_vaults_network_quincunx_subvault,
          nicolae_vaults_network_quincunx_subvault,
          nicolae_vaults_network_quincunx_subvault,
          nicolae_vaults_network_quincunx_subvault], hangedman_vaults_snaps,
          v_misc_32, v_misc_2, vaults_room_grid, layout_vaults_big_room
Vaults:2: v_alt_pattern_6, nicolae_vaults_back_hallway,
          nicolae_vaults_little_squares_3, nicolae_vaults_trapezoid_lopsided_1,
          nicolae_vaults_turnstiles, hangedman_vaults_nails, serial_ice_h,
          grunt_vaults_trifunnel, vaults_room_large_hall, v_rooms_1,
          vaults_standard_mumra_enter_the_diamond, layout_vaults_ring,
          uniq_margery
Vaults:3: nicolae_vaults_stepped_doors, nicolae_vaults_closet_pinwheel_2,
          vaults_dpeg_hooks, nicolae_vaults_little_squares_6,
          nicolae_vaults_library_corner, ontoclasm_vaults_gateway,
          v_alt_pattern_5, minmay_crypt_entry_nasty_monster,
          ontoclasm_vaults_bender, hangedman_vaults_cutoff, v_misc_16,
          hangedman_vaults_impose, vaults_room_corners, vaults_dpeg_doors,
          layout_vaults_omnicross, serial_shops, bzr_firewalk
Vaults:4: v_rooms_5, ontoclasm_vaults_pinch, v_alt_pattern_6,
          nicolae_vaults_double_plus_2, nicolae_vaults_surprise_closet,
          hangedman_vaults_stretched_pinwheel, vaults_room_grid, st_lattice,
          v_misc_11, ontoclasm_vaults_fault, layout_vaults_quadrants,
          serial_shops, nicolae_shop_crystal
Depths:1: layout_gridlike, enter_ziggurat_a, hell_entry, serial_bayou,
          serial_bayou_pond_a, serial_bayou_pond_e, serial_bayou_lagoon_a,
          serial_bayou_crossing, pan_entry, nicolae_titane,
          minmay_misc_feat_enclosed, nicolae_shop_overcharged_wands
Depths:2: bobbens_index_wilting_gardens, layout_cave_pools,
          grunt_pan_entry_zigzag, infiniplex_staircase_river,
          grunt_hell_entry_dis_grunt, kennysheep_generic_room_8
Depths:3: gold_lair_mu, layout_basic, serial_shops,
          nicolae_shop_window_shopping, abyss_entry, pf_hell_entry_great_geh,
          minmay_misc_feat_four_crosses, hellmonk_ghost_happy_afterlife,
          nicolae_fountain_basement, uniq_sojobo
Depths:4: hangedman_slaughterboxes, hell_entry, abyss_entry, uniq_xtahua

Skill      XL: |  1  2  3  4  5  6  7  8  9 10 11 12 13 14 15 16 17 18 19 20 21 22 |
---------------+-------------------------------------------------------------------+-----
Axes           | 3 4 5 7 8 9 11 12 13 14 15 16 17 18 | 18.5
Armour         | 1 2 3 4 5 6 7 8 9 10 11 12 13 14 15 16 | 16.3
Fighting       | 3 4 5 6 7 8 9 10 11 12 13 14 15 16 17 | 17.7
Invocations    | 5 7 9 11 12 13 14 15 16 17 19 20 | 20.3
Shields        | 3 6 8 10 11 13 14 16 | 16.0
Evocations     | 3 5 7 8 9 |  9.0
Translocations | 4 8 |  8.7
Maces & Flails | 8 9 |  9.6
Throwing       | |  1.7
Dodging        | |  2.6

Action                     |  1- 3 |  4- 6 |  7- 9 | 10-12 | 13-15 | 16-18 | 19-21 | 22-24 || total
---------------------------+-------+-------+-------+-------+-------+-------+-------+-------++-------
  Melee: War axe           |    75 |    92 |   248 |   349 |       |       |       |       ||   764
         Tailslap          |     2 |    12 |    44 |    71 |   118 |   161 |   344 |    49 ||   801
         Broad axe         |       |       |       |    87 |   593 |   820 |  1006 |    33 ||  2539
         Demon whip        |       |       |       |       |       |       |   328 |   121 ||   449
   Fire: Sling             |    36 |       |       |       |       |       |       |       ||    36
  Throw: Throwing net      |       |       |     2 |       |       |       |       |       ||     2
         Boomerang         |       |       |       |     2 |       |       |       |       ||     2
 Invoke: Light the Black T |     2 |     2 |     3 |     7 |    10 |     9 |     5 |       ||    38
         Hurl Torchlight   |       |       |     1 |     7 |    10 |     9 |     4 |       ||    31
         Bind Soul         |       |       |       |     2 |     2 |     4 |     5 |     1 ||    14
         Recall Undead Har |       |       |       |     2 |     7 |     3 |     4 |       ||    16
         Fathomless Shackl |       |       |       |       |       |     3 |     1 |       ||     4
  Evoke: Wand              |       |       |     2 |       |     4 |    14 |     1 |       ||    21
         Lightning rod     |       |       |       |       |       |     9 |     4 |       ||    13
         Phantom mirror    |       |       |       |       |       |     2 |     1 |       ||     3
         Sack of spiders   |       |       |       |       |       |       |     1 |       ||     1
    Use: Scroll            |       |       |       |    21 |     4 |     6 |     5 |     6 ||    42
         Potion            |       |       |       |     5 |     1 |     8 |     9 |    10 ||    33
   Stab: Sleeping          |     2 |       |       |       |       |       |       |       ||     2
         Distracted        |       |       |     2 |    10 |    10 |    24 |    36 |     1 ||    83
         Held in net/web   |       |       |       |     1 |       |       |       |       ||     1
         Confused          |       |       |       |       |     2 |     1 |       |       ||     3
         Invisible         |       |       |       |       |     3 |       |       |       ||     3
 Armour: Leather armour    |    21 |       |       |       |       |       |       |       ||    21
         Ring mail         |    23 |       |       |       |       |       |       |       ||    23
         Chain mail        |    14 |    84 |   223 |       |       |       |       |       ||   321
         Plate armour      |       |       |     8 |   474 |   473 |   858 |   870 |   165 ||  2848
  Dodge: Dodged            |    46 |    53 |   114 |   114 |    90 |   145 |   135 |    26 ||   723
  Block: Kite shield       |       |       |       |    60 |   359 |   830 |  1119 |   181 ||  2549
         Reflection        |       |       |       |       |       |    46 |    31 |     6 ||    83

Table legend: (Time is in decaauts)
 A = Elapsed time spent in this place.
 B = Non-inter-level travel time spent in this place.
 C = Inter-level travel time spent in this place.
 D = Time resting spent in this place.
 E = Time spent auto-exploring this place.
 F = Levels seen in this place.
 G = Mean time per level.
                   A        B        C        D        E       F      G
               +--------+--------+--------+--------+--------+-----+--------+
         Total |  50048 |  47435 |   2613 |  12342 |  25855 |  42 | 1191.6 |
       Dungeon |  14972 |  13697 |   1275 |   1923 |   9591 |  15 |  998.1 |
          Lair |   6211 |   5823 |    388 |   1357 |   3442 |   5 | 1242.2 |
        Shoals |   4019 |   3848 |    171 |    621 |   2291 |   4 | 1004.8 |
   Spider Nest |   4988 |   4798 |    190 |   1798 |   2078 |   4 | 1247.0 |
  Orcish Mines |   1508 |   1376 |    132 |    220 |    680 |   2 |  754.0 |
        Vaults |   6739 |   6450 |    289 |   1030 |   4266 |   4 | 1684.8 |
        Depths |   9915 |   9749 |    166 |   4941 |   2977 |   4 | 2478.8 |
        Bazaar |    178 |    178 |      0 |      0 |      0 |   2 |   89.0 |
        Bailey |    593 |    593 |      0 |    159 |    187 |   1 |  593.0 |
      Gauntlet |    921 |    921 |      0 |    293 |    342 |   1 |  921.0 |
               +--------+--------+--------+--------+--------+-----+--------+

Top non-repeatable levels by time:
Depths:4: 4234 daAuts
Depths:2: 2976 daAuts
  Lair:1: 2036 daAuts
Vaults:4: 1783 daAuts
Vaults:1: 1765 daAuts
Vaults:3: 1709 daAuts
     D:9: 1610 daAuts
Shoals:4: 1579 daAuts
Vaults:2: 1481 daAuts
Depths:3: 1460 daAuts
     D:7: 1387 daAuts
Spider:2: 1382 daAuts
  Lair:5: 1338 daAuts
    D:10: 1334 daAuts
    D:13: 1323 daAuts
